 Dungeon Crawl Stone Soup version 0.28.0-53-g5a82cb258f (webtiles) character file.

Game seed: 8194458404533050442

70 safid the Skirmisher (level 4, -3/40 HPs)
             Began as a Hill Orc Fighter on Aug 15, 2022.
             Succumbed to Sigmund's poison
             ... on level 2 of the Dungeon.
             The game lasted 00:02:26 (1168 turns).

safid the Skirmisher (Hill Orc Fighter)             Turns: 1168, Time: 00:02:27

Health: -3/40      AC:  7    Str: 20    XL:     4   Next: 22%
Magic:  4/4        EV:  9    Int:  8    God:
Gold:   17         SH:  5    Dex: 16    Spells: 3/3 levels left

rFire   . . .      SeeInvis .   a - +0 war axe
rCold   . . .      Faith    .   c - +0 buckler
rNeg    . . .      Spirit   .   b - +0 scale mail
rPois   .          Reflect  .   (no helmet)
rElec   .          Harm     .   (no cloak)
rCorr   .          Rampage  .   (no gloves)
Will    .....                   (no boots)
Stlth   ..........              (no amulet)
HPRegen 0.13/turn               h - +6 ring of dexterity
MPRegen 0.09/turn               (no ring)

@: lethally poisoned (-3 -> -21)
A: no striking features
a: no special abilities


You were on level 2 of the Dungeon.
You visited 1 branch of the dungeon, and saw 2 of its levels.

You collected 17 gold pieces.

Inventory:

Hand Weapons
 a - a +0 war axe (weapon)
Missiles
 f - 5 javelins (quivered)
Armour
 b - a +0 scale mail (worn)
 c - a +0 buckler (worn)
Jewellery
 h - a +6 ring of dexterity (left hand)
 j - an amulet of faith
Scrolls
 e - a scroll of noise {unknown}
 g - a scroll of enchant weapon {unknown}
 i - a scroll of acquirement {unknown}
Potions
 d - 2 potions of might


   Skills:
 - Level 4.0 Fighting
 + Level 4.0 Axes
 - Level 4.0 Armour
 - Level 4.0 Shields


You had 3 spell levels left.
You didn't know any spells.
Your spell library contained the following spells:

 Spells                   Type           Power      Damage    Failure   Level
 Magic Dart               Conj           0%         1d3       85%         1
 Searing Ray              Conj           0%         2d4       94%         2
 Fulminant Prism          Conj/Hex       0%         3d6       100%        4


Dungeon Overview and Level Annotations

Branches:
Dungeon (2/15)

Altars:

Annotations:
D:2 Sigmund


Message History

You climb downwards.
Level annotation: Sigmund Sigmund gestures at you while chanting.
You are confused.
There is a stone staircase leading up here.
You are too confused!
You are too confused!
You are too confused!
You are too confused!
Sigmund gestures at you while chanting. The magic dart hits you.
You bump into the rock wall.
Sigmund points at you and mumbles some strange words.
The magic dart hits you.
Sigmund seems less brilliant.
Sigmund hits you from afar with a +0 scythe of venom!
You feel less confused.
Sigmund hits you with a +0 scythe of venom!
You are lethally poisoned!
You closely miss Sigmund.
You feel very sick.
Sigmund is suddenly surrounded by pale red light.
Sigmund hits you but does no damage.
You are more poisoned.
Unknown command.
You barely miss Sigmund.
* * * LOW HITPOINT WARNING * * *
You feel very sick. You block Sigmund's attack.
Unknown command.
You hit Sigmund.
Sigmund is lightly wounded.
* * * LOW HITPOINT WARNING * * *
You feel very sick.
Sigmund hits you with a +0 scythe of venom.
* * * LOW HITPOINT WARNING * * *
You are more poisoned.
You closely miss Sigmund.
Sigmund is lightly wounded.
You die...

..##..# ......#. #.......
############ ##.†.....
#..........# #§.†....(
#..........######.#......
#..........#......#...<..
..#............######......
#.........@@.### ......
###..........# ......
#..........# ######
#.........<# ############


You could see Sigmund.

Vanquished Creatures
  Natasha (D:2)
  4 dart slugs (D:1)
  2 ball pythons (D:1)
  An endoplasm (D:1)
  A giant cockroach (D:1)
  2 goblins (D:1)
  5 hobgoblins (D:1)
  4 jackals (D:2)
  A quokka (D:1)
  5 bats (D:1)
  2 frilled lizards (D:1)
  4 kobolds (D:1)
  A rat (D:1)
33 creatures vanquished.

Notes
Turn   | Place    | Note
-------+----------+-------------------------------------------
     0 | D:1      | safid the Hill Orc Fighter began the quest for the Orb.
     0 | D:1      | Reached XP level 1. HP: 19/19 MP: 1/1
   172 | D:1      | Reached XP level 2. HP: 27/27 MP: 2/2
   176 | D:1      | Found a faded altar of an unknown god.
   462 | D:1      | Reached XP level 3. HP: 33/33 MP: 3/3
   845 | D:2      | Noticed Natasha
   850 | D:2      | Noticed Sigmund
   859 | D:2      | Killed Natasha
   859 | D:2      | HP: 1/33 [something/puff of flame (5)]
   860 | D:2      | Reached XP level 4. HP: 1/40 MP: 4/4
  1167 | D:2      | HP: 1/40 [Sigmund/+0 scythe of venom (2)]
  1168 | D:2      | Succumbed to Sigmund's poison

Illustrated notes

Levels and vault maps discovered:
D:1:      dpeg_arrival_arbitrary_c, layout_basic,
          hellmonk_ecumenical_altar_heavens_door
D:2:      layout_rooms, nrook_mini_vaults, uniq_sigmund, uniq_natasha

Skill      XL: |  1  2  3 |
---------------+----------+-----
Axes           | 3 4 |  4.0
Fighting       | 4 |  4.0
Armour         | 4 |  4.0
Shields        | 4 |  4.0

Action                   |  1- 3 |  4- 6 || total
-------------------------+-------+-------++-------
Melee: War axe           |    89 |     4 ||    93
Armor: Scale mail        |    58 |     1 ||    59
Dodge: Dodged            |    50 |       ||    50
Block: Buckler           |    20 |     1 ||    21
